 Dungeon Crawl Stone Soup version 0.28.0-45-g0d030f2227 (webtiles) character file.

Game seed: 2549121257120609854

336 leafyfresh the Changer (level 6, -3/47 HPs)
             Began as a Draconian Transmuter on Apr 23, 2022.
             Killed by divine providence
             ... invoked by an orc priest
              (9 damage)
             ... on level 3 of the Dungeon.
             The game lasted 00:04:06 (3258 turns).

leafyfresh the Changer (Draconian Transmuter)       Turns: 3258, Time: 00:04:07

Health: -3/47      AC:  2    Str: 12    XL:     6   Next: 28%
Magic:  0/9        EV: 19    Int: 19    God:
Gold:   171        SH:  0    Dex: 19    Spells: 5/9 levels left

rFire   . . .      SeeInvis .     - Unarmed
rCold   . . .      Faith    .   (shield currently unavailable)
rNeg    . . .      Spirit   .   (armour unavailable)
rPois   x          Reflect  .   (helmet currently unavailable)
rElec   .          Harm     .   (cloak currently unavailable)
rCorr   .          Rampage  .   (gloves currently unavailable)
Will    .....                   (boots currently unavailable)
Stlth   ++........              (no amulet)
HPRegen 0.15/turn               k - +6 ring of intelligence
MPRegen 0.11/turn               (no ring)

@: spider-form (expiring), very slightly contaminated
A: venomous fangs, AC +6, tiny, unfitting armour, (cold-blooded)
a: End Transformation


You were on level 3 of the Dungeon.
You were a venomous arachnid creature.
You visited 1 branch of the dungeon, and saw 3 of its levels.

You collected 171 gold pieces.

Inventory:

Hand Weapons
 b - a +3 falchion (melded)
Missiles
 d - 6 silver javelins
 e - 4 atropa-tipped darts
 n - a throwing net
Armour
 a - a +0 cloak (melded)
 c - a +0 tower shield
Jewellery
 k - a +6 ring of intelligence (left front leg)
 l - a +6 ring of strength
Scrolls
 i - a scroll of teleportation {unknown}
 j - a scroll of immolation {unknown}
 m - 2 scrolls of amnesia {unknown}
Potions
 f - 2 potions of curing {unknown}
 g - a potion of brilliance {unknown}
 h - 2 potions of flight {unknown}


   Skills:
 - Level 1.1 Fighting
 - Level 1.7 Dodging
 - Level 3.0 Unarmed Combat
 - Level 2.0 Spellcasting
 + Level 6.7 Transmutations


You had 5 spell levels left.
You knew the following spells:

 Your Spells              Type           Power      Damage    Failure   Level
a - Beastly Appendage     Tmut           54%        N/A       5%          1
b - Spider Form           Tmut/Pois      14%        N/A       30%         3

Your spell library contained the following spells:

 Spells                   Type           Power      Damage    Failure   Level
 Wereblood                Tmut           27%        N/A       7%          2
 Ice Form                 Ice/Tmut       14%        N/A       61%         4


Dungeon Overview and Level Annotations

Branches:
Dungeon (3/15)

Altars:

Shops:
D:3 !


Innate Abilities, Weirdness & Mutations

You are a venomous arachnid creature.
You have poisonous fangs.
You are tiny and dextrous.
Your spellcasting is less reliable in this form.
Your armour is entirely melded.
You are incapable of wielding weapons or throwing items.
((Your plain brown scales are hard. (AC +6)))
You cannot fit into any form of body armour.
((You are cold-blooded and may be slowed by cold attacks.))


Message History

There are monsters nearby!
Unknown command.
You hit the orc.
The orc is moderately wounded.
You feel sick.
The orc priest invokes the aid of Beogh against you.
Beogh smites you! The orc barely misses you.
You hit the orc but do no damage.
The orc is poisoned.
The orc is moderately wounded.
Your transformation is almost over.
You feel sick.
You are no longer poisoned.
The orc hits you with a +0 short sword.
You hit the orc.
You kill the orc!
The orc priest looks satisfied for a moment.
You barely miss the orc priest. The orc priest closely misses you.
You barely miss the orc priest. The orc priest misses you.
You completely miss the orc priest.
The orc priest hits you with a +2 antimagic war axe!
* * * LOW HITPOINT WARNING * * *
You feel your power leaking away.
You hit the orc priest but do no damage.
The orc priest hits you with a +2 antimagic war axe!
* * * LOW HITPOINT WARNING * * *
You feel your power leaking away.
You hit the orc priest.
The orc priest is poisoned.
The orc priest is heavily wounded.
The orc priest barely misses you.
Unknown command.
You hit the orc priest.
The orc priest is severely wounded.
The orc priest looks encouraged for a moment. x2
The orc priest barely misses you.
You hit the orc priest but do no damage.
The orc priest is almost dead.
You kill the orc priest!
The orc priest mumbles some strange prayers to Beogh against you.
Beogh smites you!
You die...

#####....................
#########.............######.#
#............##.############..
#####.####.#.##.# .........
#.# #.#.##.# .#######. #.#
#.#.##.# #. #.# #.#.#### #.
#.# #.#.######## ..
#.####.#.s)oo.... ..
#......#####.#### #.. ########
##.. ... #.. #.. #.. #.. #..


You could see 2 orc priests.

Vanquished Creatures
  Sigmund (D:3)
  An orc priest (D:3)
  A centaur skeleton (D:3)
  An orc wizard (D:3)
  4 adders (D:3)
  3 gnolls (D:3)
  A white imp (D:3)
  A dart slug (D:2)
  6 orcs (D:3)
  6 ball pythons
  4 endoplasms
  A giant cockroach (D:3)
  8 goblins
  8 hobgoblins
  2 quokkas
  5 bats
  5 frilled lizards
  4 kobolds
  4 rats
66 creatures vanquished.

Notes
Turn   | Place    | Note
-------+----------+-------------------------------------------
     0 | D:1      | leafyfresh the Draconian Transmuter began the quest for the
                  | Orb.
     0 | D:1      | Reached XP level 1. HP: 16/16 MP: 3/3
   451 | D:1      | Reached XP level 2. HP: 17/23 MP: 5/5
   612 | D:1      | Reached skill level 3 in Transmutations
  1281 | D:2      | Reached XP level 3. HP: 28/28 MP: 6/6
  1776 | D:2      | Learned a level 3 spell: Spider Form
  1892 | D:3      | Reached skill level 4 in Transmutations
  2075 | D:3      | Reached XP level 4. HP: 30/35 MP: 3/7
  2166 | D:3      | Reached skill level 5 in Transmutations
  2420 | D:3      | Reached XP level 5. HP: 37/40 MP: 5/8
  2622 | D:3      | Found Onnoschup's Distillery.
  2804 | D:3      | Noticed Sigmund
  2817 | D:3      | Killed Sigmund
  2818 | D:3      | Reached skill level 6 in Transmutations
  2818 | D:3      | Reached XP level 6. HP: 9/47 MP: 6/9
  3258 | D:3      | Killed from afar by an orc priest

Illustrated notes

Levels and vault maps discovered:
D:1:      dpeg_arrival_long_road, layout_loops_ring
D:2:      layout_loops_ring, serial_rivers, chequers_serial_rivers_room_b,
          chequers_serial_rivers_small_3, chequers_serial_rivers_micro_e,
          chequers_serial_rivers_micro_c
D:3:      layout_basic, basic_ecumenical_altar, serial_shops, shop,
          minmay_fractal_squares_gapless_5, uniq_sigmund

Skill      XL: |  1  2  3  4  5 |
---------------+----------------+-----
Transmutations | 3 4 5 6 |  6.7
Fighting       | |  1.1
Dodging        | |  1.7
Unarmed Combat | |  3.0
Spellcasting   | |  2.0

Action                   |  1- 3 |  4- 6 || total
-------------------------+-------+-------++-------
Melee: Unarmed           |    33 |    61 ||    94
       Tailslap          |    15 |     4 ||    19
       Falchion          |    84 |    34 ||   118
       Punch             |     3 |       ||     3
 Cast: Spider Form       |     2 |     6 ||     8
 Stab: Sleeping          |     1 |       ||     1
Armor: Skin              |    44 |    22 ||    66
Dodge: Dodged            |   105 |    72 ||   177
